cohdb
Replays
Latest Replays
All Replays
Popular Replays
Top Player Replays
Match Explorer
How It Works
Community
CoH3 Stats
Reddit
Sign in to upload your games and track your stats! →
Sign in with Steam
Match 41437672
Unlisted
Match 41437672
Overview
Messages
Build Orders
End
Construct Section Command Post
Selects Heavy Armor Battlegroup
Royal Engineer Section
Royal Engineer Section
ML 3-inch Mortar Team
Infantry Section
Construct Platoon Command Post
Grenade Package
Selects Engineer Detachments
Unlock Bishop Self-propelled Artillery
Selects Forward Repair Assembly
6-pounder Anti-tank Gun Team
Vickers Machine Gun Team
CMP 15cwt Truck
ML 3-inch Mortar Team
Bishop Self-propelled Artillery
[KMLT]Sorceleur
MZMZ
jerjawe
Major Storm
Mohammed McLOVIN
[38.] Nowhere Queen
0
0
Comments
sign in to comment!
No comments posted yet!